 Dungeon Crawl Stone Soup version 0.21.1-1-g345015fe64 (webtiles) character file.

189 Norrik the Slasher (level 5, 0/47 HPs)
             Began as a Minotaur Monk on Apr 27, 2018.
             Killed by Freeze
             ... invoked by htuhola's ghost
              (3 damage)
             ... on level 3 of the Dungeon.
             The game lasted 00:01:51 (1594 turns).

Norrik the Slasher (Minotaur Monk)                  Turns: 1594, Time: 00:01:52

Health: 0/47       AC:  3    Str: 16    XL:     5   Next: 40%
Magic:  4/4        EV: 13    Int:  7    God:
Gold:   152        SH:  0    Dex: 13    Spells: 4/4 levels left

rFire    . . .     SeeInvis .   a - +0 falchion
rCold    . . .     Gourm    .   (no shield)
rNeg     . . .     Faith    .   b - +0 robe
rPois    .         Spirit   .   (helmet restricted)
rElec    .         Reflect  .   k - +0 cloak
rCorr    .         Harm     .   (no gloves)
MR       .....                  (no boots)
Stlth    ++........             (no amulet)
HPRegen  0.15/turn              (no ring)
MPRegen  0.09/turn              (no ring)

@: no status effects
A: retaliatory headbutt, horns 2
a: no special abilities


You were on level 3 of the Dungeon.
You were not hungry.

You visited 1 branch of the dungeon, and saw 3 of its levels.

You collected 152 gold pieces.

Inventory:

Hand Weapons
 a - a +0 falchion (weapon)
Armour
 b - a +0 robe (worn)
 k - a +0 cloak (worn)
Scrolls
 d - 2 scrolls of identify {unknown}
 e - 2 scrolls of blinking {unknown}
 g - a scroll of immolation {unknown}
 i - 4 scrolls of teleportation {unknown}
 j - 3 scrolls of remove curse {unknown}
 m - a scroll of fog {unknown}
Potions
 f - a potion of haste {unknown}
 h - a potion of might {unknown}
 l - a potion of degeneration {unknown}
 n - a potion of curing {unknown}
 o - a potion of flight {unknown}
 p - a potion of mutation {unknown}
Comestibles
 c - 6 rations


   Skills:
 + Level 4.8 Fighting
 * Level 5.9 Long Blades
 + Level 2.8 Armour
 - Level 3.2 Dodging
 - Level 1.5 Stealth


You had 4 spell levels left.
You didn't know any spells.

Dungeon Overview and Level Annotations

Branches:
Dungeon (3/15)

Altars:
Ashenzari
Dithmenos
Wu Jian
The Shining One

Annotations:
D:3 htuhola's ghost, amateur DrIE


Innate Abilities, Weirdness & Mutations

You reflexively headbutt those who attack you in melee.
You have a pair of horns on your head.


Message History

* * * LOW HITPOINT WARNING * * *
You hit htuhola's ghost but do no damage.
Your headbutt misses htuhola's ghost.
Htuhola's ghost is severely damaged.
Htuhola's ghost points at you and mumbles some strange words.
You are frozen.
* * * LOW HITPOINT WARNING * * *
You hit htuhola's ghost but do no damage.
You headbutt htuhola's ghost.
Htuhola's ghost is almost destroyed.
Htuhola's ghost hits you but does no damage.
You hit htuhola's ghost but do no damage.
You headbutt htuhola's ghost.
Htuhola's ghost is almost destroyed.
Htuhola's ghost misses you.
You closely miss htuhola's ghost.
Htuhola's ghost is almost destroyed.
Htuhola's ghost casts a spell at you.
You are frozen.
You die...

.......##############
..####.# .## #.# ##
#.# ### #.#######..
#.#.......##
######..........#
............#..)####
######...##.....@W.#
##....####...##.#
#.....####...# #
##...........#
##.#...<........
#.########.....# #.#
#.....# #'# #.....#
... .....#


You could see htuhola's ghost.

Vanquished Creatures
  An ice beast (D:2)
  A howler monkey zombie (D:2)
  A gnoll (D:2)
  2 adders (D:2)
  An ooze (D:2)
  2 worms (D:2)
  An orc (D:3)
  6 bats
  6 hobgoblins
  3 jackals (D:2)
  7 kobolds
  4 frilled lizards
  3 goblins
  11 rats
49 creatures vanquished.

Notes
Turn   | Place    | Note
-------+----------+-------------------------------------------
     0 | D:1      | Norrik the Minotaur Monk began the quest for the Orb.
     0 | D:1      | Reached XP level 1. HP: 19/19 MP: 0/0
   121 | D:1      | Reached skill level 4 in Long Blades
   129 | D:1      | Reached XP level 2. HP: 26/27 MP: 1/1
   199 | D:1      | Reached skill level 1 in Armour
   738 | D:2      | Reached XP level 3. HP: 22/33 MP: 2/2
  1021 | D:2      | Found a shattered altar of Ashenzari.
  1084 | D:2      | Noticed an ice beast
  1092 | D:2      | Killed an ice beast
  1092 | D:2      | Reached skill level 5 in Long Blades
  1092 | D:2      | Reached XP level 4. HP: 41/41 MP: 3/3
  1092 | D:2      | Reached XP level 5. HP: 47/47 MP: 4/4
  1106 | D:2      | Found a shadowy altar of Dithmenos.
  1146 | D:2      | Found a glowing golden altar of the Shining One.
  1147 | D:2      | Found an ornate altar of the Wu Jian Council.
  1575 | D:3      | Noticed htuhola's ghost (amateur DrIE)
  1594 | D:3      | Killed from afar by htuhola's ghost

Skill      XL: |  1  2  3 |
---------------+----------+-----
Long Blades    | 4 5 |  5.9
Armour         | 1 2 |  2.8
Fighting       | 4 |  4.8
Dodging        | |  3.2
Stealth        | |  1.5

Action                   |  1- 3 |  4- 6 || total
-------------------------+-------+-------++-------
Melee: Falchion          |    67 |    31 ||    98
       Headbutt          |     9 |     8 ||    17
 Stab: Sleeping          |     5 |     3 ||     8
  Eat: Chunk             |       |     2 ||     2
Armor: Robe              |    10 |     6 ||    16
Dodge: Dodged            |    56 |    17 ||    73
       Rpst.: Falchion   |    14 |     6 ||    20
